 Dungeon Crawl Stone Soup version 0.27-a0-1597-ge58577e147 (webtiles) character file.

Game seed: 13996707620958954863

718 HAL9000 the Cutter (level 7, 0/36 HPs)
             Began as a Vine Stalker Brigand on July 21, 2021.
             Slain by a hornet zombie (7 damage)
             ... on level 6 of the Dungeon.
             The game lasted 00:08:50 (4674 turns).

HAL9000 the Cutter (Vine Stalker Brigand)           Turns: 4674, Time: 00:08:51

Health: 0/36       AC:  6    Str: 16    XL:     7   Next: 70%
Magic:  0/8        EV: 11    Int: 17    God:
Gold:   149        SH:  0    Dex: 15    Spells: 6/6 levels left

rFire    . . .     SeeInvis .   v - +2 dagger (venom)
rCold    + . .     Faith    .   (no shield)
rNeg     . . .     Spirit   +   y - +1 leather armour of the Iron City of Dis {rC+}
rPois    +         Reflect  .   (no helmet)
rElec    .         Harm     .   c - +1 cloak
rCorr    .         Rampage  .   (no gloves)
Will     .....                  (no boots)
Stlth    +++.......             h - amulet of magic regeneration
HPRegen  1.12/turn              g - ring of poison resistance
MPRegen  0.36/turn              q - +6 ring of intelligence

@: no status effects
A: fangs 2, regeneration 1, magic shield, antimagic bite, no potion heal 2
a: no special abilities


You were on level 6 of the Dungeon.
You visited 1 branch of the dungeon, and saw 6 of its levels.

You collected 149 gold pieces.

Inventory:

Hand Weapons
 a - a +2 dagger
 n - a +2 dagger of pain
 v - a +2 dagger of venom (weapon)
Missiles
 d - 4 poisoned darts (quivered)
 e - 7 curare-tipped darts
 i - 4 datura-tipped darts
Armour
 b - a +0 robe
 c - a +1 cloak (worn)
 y - the +1 leather armour of the Iron City of Dis (worn) {rC+}
   (You found it on level 5 of the Dungeon)

   rC:        It protects you from cold.
Jewellery
 g - a ring of poison resistance (left hand)
 h - an amulet of magic regeneration (around neck)
 o - a ring of fire
 q - a +6 ring of intelligence (right hand)
Scrolls
 f - a scroll of identify
 m - a scroll of amnesia
 r - a scroll of immolation
Potions
 j - 4 potions of curing
 l - 2 potions of cancellation
 p - a potion of haste
 t - 2 potions of lignification {unknown}
 w - 2 potions of brilliance {unknown}
 z - a potion of resistance {unknown}


   Skills:
 + Level 3.0 Fighting
 + Level 6.3 Short Blades
 - Level 4.0 Throwing
 - Level 0.7 Dodging
 - Level 4.8 Stealth


You had 6 spell levels left.
You didn't know any spells.
Your spell library contained the following spells:

 Spells                   Type           Power      Damage    Failure   Level
 Summon Small Mammal      Summ           0%         N/A       28%         1
 Call Canine Familiar     Summ           0%         N/A       65%         3
 Ozocubu's Armour         Ice            0%         N/A       65%         3
 Summon Guardian Golem    Hex/Summ       0%         N/A       65%         3
 Ozocubu's Refrigeration  Ice            0%         4d5       100%        7


Dungeon Overview and Level Annotations

Branches:
Dungeon (6/15)
 Temple: D:4-7

Altars:
Elyvilon
Nemelex Xobeh
Sif Muna
Vehumet

Shops:
D:5 :

Annotations:
D:4 3 runed translucent doors, hemabe71's ghost, amateur HuAr
D:5 Menkaure


Innate Abilities, Weirdness & Mutations

You have extremely sharp teeth.
Your natural rate of healing is unusually fast.
When hurt, damage is shared between your health and your magic reserves.
Your bite disrupts and absorbs the magic of your enemies.
Potions cannot restore your health.


Message History

The hornet zombie hits you but does no damage.
You hit the hornet zombie.
You bite the hornet zombie, but do no damage.
The hornet zombie is severely damaged.
You closely miss the hornet zombie.
You bite the hornet zombie, but do no damage.
The hornet zombie is severely damaged.
The hornet zombie closely misses you.
You hit the hornet zombie but do no damage.
Your bite misses the hornet zombie.
The hornet zombie is severely damaged.
The hornet zombie hits you but does no damage.
You hit the hornet zombie.
The hornet zombie is almost destroyed.
The hornet zombie hits you.
You hit the hornet zombie. Your bite misses the hornet zombie.
The hornet zombie is almost destroyed.
The hornet zombie misses you.
You hit the hornet zombie but do no damage.
You bite the hornet zombie. You drain its power.
You feel invigorated.
The hornet zombie is almost destroyed.
The hornet zombie hits you!
You barely miss the hornet zombie.
The hornet zombie is almost destroyed.
The hornet zombie misses you.
You hit the hornet zombie.
The hornet zombie is almost destroyed.
The hornet zombie hits you but does no damage.
You hit the hornet zombie but do no damage.
You bite the hornet zombie, but do no damage.
The hornet zombie is almost destroyed.
The hornet zombie hits you.
You hit the hornet zombie but do no damage.
The hornet zombie is almost destroyed.
The hornet zombie hits you!
* * * LOW HITPOINT WARNING * * *
You closely miss the hornet zombie.
The hornet zombie is almost destroyed.
The hornet zombie hits you!
You die...

###############
#####.........(Z@.#
........#########(#
#####.#.#########.#
#.#.##........# #
#.##.#####..# ...
#..# ...[# #<.#
#....# #..# #....#
#..#


You could see a hornet zombie.

Vanquished Creatures
  2 ogres (D:5)
  A phantom (D:4)
  A bullfrog skeleton (D:4)
  2 orc priests (D:4)
  5 orc wizards
  4 iguanas
  2 hound skeletons
  3 gnolls (D:4)
  2 adders
  2 worms
  3 dart slugs
  8 orcs
  8 ball pythons
  4 bats
  6 endoplasms
  A giant cockroach (D:4)
  3 goblins
  2 hobgoblins
  3 jackals (D:2)
  7 quokkas
  5 frilled lizards
  4 kobolds
  2 rats
80 creatures vanquished.

Vanquished Creatures (others)
  2 fungi (D:4)
  2 plants (D:4)
4 creatures vanquished.

Grand Total: 84 creatures vanquished

Notes
Turn   | Place    | Note
-------+----------+-------------------------------------------
     0 | D:1      | HAL9000 the Vine Stalker Brigand began the quest for the
                  | Orb.
     0 | D:1      | Reached XP level 1. HP: 11/11 MP: 2/2
   431 | D:1      | Reached XP level 2. HP: 15/15 MP: 3/3
  1216 | D:2      | Reached XP level 3. HP: 15/18 MP: 4/4
  2200 | D:3      | Found a faded altar of an unknown god.
  2210 | D:3      | Gained mutation: Your natural rate of healing is unusually
                  | fast. [Vine Stalker growth]
  2210 | D:3      | Reached XP level 4. HP: 23/23 MP: 5/5
  2252 | D:3      | Found a radiant altar of Vehumet.
  2252 | D:3      | Found a sparkling altar of Nemelex Xobeh.
  2680 | D:3      | Found a white marble altar of Elyvilon.
  2878 | D:4      | Found a runed translucent gate.
  2879 | D:4      | Found a runed translucent gate.
  2879 | D:4      | Noticed a kobold brigand
  2879 | D:4      | Noticed hemabe71's ghost (amateur HuAr)
  2880 | D:4      | Found a runed translucent gate.
  2965 | D:4      | Reached skill level 2 in Short Blades
  3073 | D:4      | Reached XP level 5. HP: 12/26 MP: 1/6
  3095 | D:4      | Reached skill level 3 in Short Blades
  3219 | D:4      | Reached skill level 4 in Short Blades
  3219 | D:4      | Reached XP level 6. HP: 26/30 MP: 5/7
  3304 | D:4      | Reached skill level 5 in Short Blades
  3471 | D:4      | Found a shimmering blue altar of Sif Muna.
  3703 | D:5      | Entered Level 5 of the Dungeon
  3774 | D:5      | Identified the +1 leather armour of the Iron City of Dis
                  | {rC+}
  3824 | D:5      | Reached XP level 7. HP: 32/35 MP: 8/8
  3906 | D:5      | Reached skill level 6 in Short Blades
  4202 | D:5      | Noticed Menkaure
  4205 | D:5      | Found Fiullim's Self-Improvement Boutique.
  4674 | D:6      | Slain by a hornet zombie

Illustrated notes

Levels and vault maps discovered:
D:1:      dpeg_arrival_round_b, layout_loops_ring, minmay_stone_trees_medium
D:2:      layout_rooms, dk_noncrumbling_3, kennysheep_minor_cross
D:3:      layout_loops_ring, gammafunk_temple_overflow_statue,
          lemuel_tele_altar, ebering_ecumenical_altar_mist
D:4:      layout_loops_ring, kennysheep_orc_sif_temple,
          gammafunk_ghost_nasty_kobolds, chequers_serial_rivers_room_b,
          minmay_stone_trees_small
D:5:      layout_rooms, kennysheep_diamond, nicolae_shop_self_help,
          uniq_menkaure
D:6:      layout_loops_ring, tso_altar, minmay_temple_entry_drinking_statues,
          uniq_grinder

Skill      XL: |  1  2  3  4  5  6  7 |
---------------+----------------------+-----
Throwing       | 2 3 4 |  4.0
Short Blades   | 2 4 5 6 |  6.3
Fighting       | 2 3 |  3.0
Dodging        | |  0.7
Stealth        | |  4.8

Action                   |  1- 3 |  4- 6 |  7- 9 || total
-------------------------+-------+-------+-------++-------
Melee: Dagger            |   122 |   108 |    88 ||   318
       Bite              |    24 |    42 |    30 ||    96
Throw: Dart              |    10 |    32 |     9 ||    51
  Use: Scroll            |     2 |     1 |     8 ||    11
       Potion            |       |       |     1 ||     1
 Stab: Sleeping          |    11 |     3 |       ||    14
Armor: Robe              |    19 |    10 |       ||    29
       Leather armour    |       |       |    14 ||    14
Dodge: Dodged            |    64 |    26 |    28 ||   118

Table legend: (Time is in decaauts)
 A = Elapsed time spent in this place.
 B = Non-inter-level travel time spent in this place.
 C = Inter-level travel time spent in this place.
 D = Time resting spent in this place.
 E = Time spent auto-exploring this place.
 F = Levels seen in this place.
 G = Mean time per level.
                   A        B        C        D        E       F      G
               +--------+--------+--------+--------+--------+-----+--------+
         Total |   4600 |   4496 |    104 |    560 |   3153 |   6 |  766.7 |
       Dungeon |   4600 |   4496 |    104 |    560 |   3153 |   6 |  766.7 |
               +--------+--------+--------+--------+--------+-----+--------+

Top non-repeatable levels by time:
     D:4: 1097 daAuts
     D:1: 1033 daAuts
     D:2: 1011 daAuts
     D:3: 765 daAuts
     D:5: 637 daAuts
     D:6: 55 daAuts
